 Dungeon Crawl Stone Soup version 0.27.0-1-g7a089689b8 (webtiles) character file.

Game seed: 5401874439543622114

35 SnakkuSnakku7 the Skirmisher (level 3, -4/20 HPs)
             Began as a Vine Stalker Berserker on Aug 11, 2021.
             Was a Follower of Trog.
             Slain by a goblin (6 damage)
             ... on level 1 of the Dungeon.
             The game lasted 00:00:40 (192 turns).

SnakkuSnakku7 the Skirmisher (VSBe)                  Turns: 192, Time: 00:00:40

Health: -4/20      AC:  2    Str: 20    XL:     3   Next: 33%
Magic:  0/4        EV:  9    Int:  7    God:    Trog [*.....]
Gold:   42         SH:  0    Dex: 13    Spells: 2/2 levels left

rFire    . . .     SeeInvis .   a - +0 hand axe
rCold    . . .     Faith    .   (no shield)
rNeg     . . .     Spirit   +   b - +0 animal skin
rPois    .         Reflect  .   (no helmet)
rElec    .         Harm     .   (no cloak)
rCorr    .         Rampage  .   (no gloves)
Will     .....                  (no boots)
Stlth    +.........             (no amulet)
HPRegen  0.06/turn              (no ring)
MPRegen  0.09/turn              (no ring)

@: on berserk cooldown, slowed, constricted, very slow
A: fangs 2, magic shield, antimagic bite, no potion heal 2
a: Renounce Religion, Berserk


You were on level 1 of the Dungeon.
You worshipped Trog.
Trog was aware of your devotion.
You visited 1 branch of the dungeon, and saw 1 of its levels.

You collected 42 gold pieces.

Inventory:

Hand Weapons
 a - a +0 hand axe (weapon)
Armour
 b - a +0 animal skin (worn)


   Skills:
 + Level 3.3 Fighting
 + Level 3.3 Axes
 - Level 1.5 Armour
 - Level 1.5 Dodging


You had 2 spell levels left.
You didn't know any spells.
Your spell library was empty.

Dungeon Overview and Level Annotations

Branches:
Dungeon (1/15)

Altars:


Innate Abilities, Weirdness & Mutations

You have extremely sharp teeth.
When hurt, damage is shared between your health and your magic reserves.
Your bite disrupts and absorbs the magic of your enemies.
Potions cannot restore your health.


Message History

a hobgoblin corpse; a dart slug corpse You feel a strong urge to attack something.
Found 22 arrows.
You feel your anger nearly subside.
You are no longer berserk.
You are exhausted.
You feel yourself slow down.
You see here a +0 dagger.
A ball python comes into view.
A ball python is nearby!
A ball python is nearby!
A ball python is nearby!
The ball python hisses angrily.
A goblin comes into view.
It is wielding a +2 dagger of electrocution.
The goblin shouts!
The ball python barely misses you. The ball python closely misses you. x2
The ball python grabs you. The ball python constricts you.
You barely miss the ball python.
You bite the ball python, but do no damage.
The ball python bites you. The ball python constricts you.
The ball python bites you but does no damage.
The ball python constricts you.
You barely miss the ball python. The ball python barely misses you.
* * * LOW HITPOINT WARNING * * *
The ball python constricts you. The ball python bites you.
* * * LOW HITPOINT WARNING * * *
x2 The ball python constricts you.
The goblin barely misses you.
Unknown command.
You closely miss the goblin. You bite the goblin. You drain its power.
You feel invigorated.
The goblin is severely wounded.
You barely miss the ball python. The ball python barely misses you.
The ball python constricts you. The goblin closely misses you.
The ball python misses you.
* * * LOW HITPOINT WARNING * * *
The ball python constricts you.
You hit the goblin but do no damage.
The goblin is severely wounded.
You barely miss the ball python. The goblin hits you but does no damage.
You are electrocuted!
You die...

#### #######
....##.....##
............##
.............#
.............#
.............#
.............#
.......@S....# ..
.......g.....####....
.....................
...........######....
####.####....(......
#.. #........# #.
#........# #.
#........# #...))...#


You could see a goblin and a ball python.

Vanquished Creatures
  A gnoll (D:1)
  A dart slug (D:1)
  2 bats (D:1)
  2 endoplasms (D:1)
  A hobgoblin (D:1)
  10 jackals (D:1)
  A kobold (D:1)
18 creatures vanquished.

Notes
Turn   | Place    | Note
-------+----------+-------------------------------------------
     0 | D:1      | SnakkuSnakku7 the Vine Stalker Berserker began the quest
                  | for the Orb.
     0 | D:1      | Reached XP level 1. HP: 11/11 MP: 2/2
    52 | D:1      | Reached XP level 2. HP: 5/16 MP: 1/3
   133 | D:1      | Reached XP level 3. HP: 11/20 MP: 4/4
   192 | D:1      | Slain by a goblin

Illustrated notes

Levels and vault maps discovered:
D:1:      amcnicky_arrival_double_pillar, layout_rooms

Skill      XL: |  1  2 |
---------------+-------+-----
Fighting       | 3 |  3.3
Axes           | 3 |  3.3
Armour         | |  1.5
Dodging        | |  1.5

Action                   || total
-------------------------++-------
Melee: Hand axe          ||    36
       Bite              ||     7
Invok: Berserk           ||     3
Armor: Animal skin       ||    11
Dodge: Dodged            ||    33
